 Dungeon Crawl Stone Soup version 0.26.0-16-gc1dbca0489 (webtiles) character file.

Game seed: 4826433570422833769

2 EnegeticOcto the Stinger (level 1, 0/15 HPs)
             Began as a Ghoul Venom Mage on Jan 20, 2021.
             Slain by a hobgoblin
             ... wielding a +0 club
              (7 damage)
             ... on level 1 of the Dungeon.
             The game lasted 00:00:08 (63 turns).

EnegeticOcto the Stinger (Ghoul Venom Mage)           Turns: 63, Time: 00:00:09

Health: 0/15       AC:  2    Str: 11    XL:     1   Next: 40%
Magic:  0/2        EV: 12    Int: 10    God:
Gold:   7          SH:  0    Dex:  9    Spells: 2/3 levels left

rFire    . . .     SeeInvis .   (no weapon)
rCold    + . .     Faith    .   (no shield)
rNeg     + + +     Spirit   .   a - +0 robe
rPois    ∞         Reflect  .   (no helmet)
rElec    .         Harm     .   (no cloak)
rCorr    .         Rampage  .   (no gloves)
Will     .....                  (no boots)
Stlth    ++........             (no amulet)
HPRegen  0.00/turn              (no ring)
MPRegen  0.08/turn              (no ring)

@: very slightly contaminated
A: claws 1, cold resistance 1, negative energy resistance 3, inhibited
regeneration, torment resistance, unbreathing
a: no special abilities


You were on level 1 of the Dungeon.
You visited 1 branch of the dungeon, and saw 1 of its levels.

You collected 7 gold pieces.

Inventory:

Armour
 a - a +0 robe (worn)
Jewellery
 b - a cursed ring of fire {unknown}
   (You found it on level 1 of the Dungeon)
Scrolls
 c - a scroll of enchant weapon {unknown}
 d - a scroll of remove curse {unknown}


   Skills:
 + Level 0.9 Fighting
 - Level 1.7 Dodging
 - Level 2.1 Stealth
 - Level 1.7 Spellcasting
 - Level 0.8 Transmutations
 - Level 3.0 Poison Magic


You had 2 spell levels left.
You knew the following spells:

 Your Spells              Type           Power        Failure   Level
a - Sting                 Tmut/Pois      16%          14%         1

Your spell library contained the following spells:

 Spells                   Type           Power        Failure   Level
 Poisonous Vapours        Pois/Air       6%           26%         2
 Ignite Poison            Fire/Tmut/Pois 3%           50%         3
 Mephitic Cloud           Conj/Pois/Air  2%           54%         3
 Olgreb's Toxic Radiance  Pois           6%           67%         4


Dungeon Overview and Level Annotations

Branches:
Dungeon (1/15)

Altars:


Innate Abilities, Weirdness & Mutations

You thrive by killing the living.
You are immune to poison.
You have sharp fingernails.
Your flesh is cold resistant. (rC+)
You are immune to negative energy. (rN+++)
You do not regenerate when monsters are visible.
You are immune to unholy pain and torment.
You can survive without breathing.


Message History

You closely miss the hobgoblin.
The kobold throws a stone.
The stone barely misses you. The hobgoblin closely misses you.
You barely miss the hobgoblin. The hobgoblin closely misses you.
You scratch the hobgoblin.
The hobgoblin is lightly wounded.
You closely miss the hobgoblin.
The hobgoblin is lightly wounded.
The hobgoblin closely misses you. The kobold hits you.
You scratch the hobgoblin.
The hobgoblin is severely wounded.
The hobgoblin hits you but does no damage.
The kobold closely misses you.
You scratch the hobgoblin.
You kill the hobgoblin!
You feel better. The kobold misses you.
You scratch the kobold.
You kill the kobold!
No target in view!
No target in view!
No target in view!
No target in view!
No target in view!
No target in view!
No target in view!
No target in view!
No target in view!
No target in view!
No target in view!
No target in view!
No target in view!
No target in view!
No target in view!
You see here a stone.
Things that are here:
2 stones; a kobold corpse
There is a large open door here.
c - a scroll labelled IXUMUMO NUSU You see here 4 large rocks.
d - a scroll labelled MAFORE VOCKATHRIC As you open the door, it creaks loudly!
A bat and a hobgoblin come into view.
The hobgoblin shouts!
The bat barely misses you. The bat closely misses you.
Found a scroll labelled RUHINGODADD.
There is an open door here.
The hobgoblin hits you with a +0 club. The bat hits you but does no damage.
You are too injured to fight recklessly!
You are too injured to fight recklessly!
You are too injured to fight recklessly!
You are too injured to fight recklessly!
You are too injured to fight recklessly!
You are too injured to fight recklessly!
You are too injured to fight recklessly!
You are too injured to fight recklessly!
You are too injured to fight recklessly!
You are too injured to fight recklessly!
You are too injured to fight recklessly!
You are too injured to fight recklessly!
You are too injured to fight recklessly!
You are too injured to fight recklessly!
You are too injured to fight recklessly!
You are too injured to fight recklessly!
You are too injured to fight recklessly!
You are too injured to fight recklessly!
Casting: Sting (safe; 14% risk of failure)
Confirm with . or Enter, or press ? or * to list all spells.
Aiming: Sting (safe; 14% risk of failure)
Press: ? - help, Shift-Dir - straight line, f - bat
Aim: a bat (53% to evade)
You miscast Sting.
You are very lightly contaminated with residual magic.
Nothing appears to happen.
The bat closely misses you.
The hobgoblin hits you but does no damage.
Casting: Sting (safe; 14% risk of failure)
Confirm with . or Enter, or press ? or * to list all spells.
Aiming: Sting (safe; 14% risk of failure)
Press: ? - help, Shift-Dir - straight line, f/p - bat
Aim: a bat (53% to evade)
You miscast Sting.
Nothing appears to happen.
The bat barely misses you. The hobgoblin misses you.
The bat hits you but does no damage.
There is an open door here.
You are too injured to fight recklessly!
You are too injured to fight recklessly!
You are too injured to fight recklessly!
You are too injured to fight recklessly!
You are too injured to fight recklessly!
You are too injured to fight recklessly!
You are too injured to fight recklessly!
You are too injured to fight recklessly!
You are too injured to fight recklessly!
You barely miss the hobgoblin. The hobgoblin hits you with a +0 club.
You scratch the hobgoblin.
The hobgoblin is lightly wounded.
The hobgoblin barely misses you.
You closely miss the hobgoblin.
The hobgoblin is lightly wounded.
The hobgoblin hits you with a +0 club!
You die...

#..####..# .## +..'<>+..+
###+#..#####
#..####..#..#...........
#...##...#..#...........
..#........#..#...........
..#.(......#..#........?..
..##......##..#...........
..##......##...##g###.###.
..###..((###....@..#
..####''####...##.####
.....)................
..................####
......................
#....###....##......#.
#.##(###.##.........#
..##.....#######......
########## ...#..


You could see a hobgoblin.

Vanquished Creatures
  A hobgoblin (D:1)
  2 kobolds (D:1)
3 creatures vanquished.

Notes
Turn   | Place    | Note
-------+----------+-------------------------------------------
     0 | D:1      | EnegeticOcto the Ghoul Venom Mage began the quest for the
                  | Orb.
     0 | D:1      | Reached XP level 1. HP: 14/14 MP: 2/2
    63 | D:1      | Slain by a hobgoblin

Illustrated notes

Levels and vault maps discovered:
D:1:      dpeg_arrival_refuge, layout_basic, minivault_27,
          minmay_split_cup_large

Action                   || total
-------------------------++-------
Melee: Unarmed           ||    14
Armor: Robe              ||     6
Dodge: Dodged            ||    15
